 Dungeon Crawl Stone Soup version 0.16.2-12-gd0ad4c3 (webtiles) character file.

6622 HAWKINGL3623 the Nimble (level 10, -1/75 (79) HPs)
             Began as a Deep Dwarf Assassin on Jan 20, 2016.
             Was an Elder of Dithmenos.
             Slain by an eight-headed hydra (11 damage)
             ... on level 1 of the Lair of Beasts on Jan 21, 2016.
             The game lasted 01:24:33 (12091 turns).

HAWKINGL3623 the Nimble (Deep Dwarf Assassin)      Turns: 12091, Time: 01:24:33

HP:   -1/75 (79)    AC:  6    Str: 15    XL:     10   Next: 72%
MP:   10/11         EV: 22    Int: 14    God:    Dithmenos [****..]
Gold: 314           SH:  0    Dex: 19    Spells: 0 memorised, 9 levels left

rFire  . . .     SeeInvis .     n - +2 dagger (venom)
rCold  . . .     Clarity  .     c - +1 robe
rNeg   + + .     SustAb   .     (no shield)
rPois  .         Gourm    .     (no helmet)
rElec  .         Spirit   .     d - +1 cloak
rCorr  .         Warding  +     q - +0 pair of gloves
rMut   .         Stasis   .     (no boots)
MR     +....                    l - amulet of warding
Stlth  ++++++++..               (no ring)
                                w - ring of positive energy

@: very slightly contaminated, non-regenerating, wreathed by umbra, somewhat
resistant to hostile enchantments, extraordinarily stealthy
A: damage resistance, recharge devices, thin skeletal structure 1, clever 1,
frail 1, sense surroundings 2, slow healing 3
a: Device Recharging, Shadow Step, Renounce Religion


You were on level 1 of the Lair of Beasts.
You worshipped Dithmenos.
Dithmenos was greatly pleased with you.
You were hungry.

You visited 3 branches of the dungeon, and saw 13 of its levels.

You collected 652 gold pieces.
You spent 338 gold pieces at shops.

Inventory:

Hand weapons
 b - a +1 blowgun
 n - a +2 dagger of venom (weapon)
 p - a +2 long sword of freezing
Missiles
 e - 37 poisoned needles
 f - 2 curare-tipped needles
 t - 17 silver tomahawks (quivered)
Armour
 c - a +1 robe (worn)
 d - a +1 cloak (worn)
 q - a +0 pair of gloves (worn)
Jewellery
 l - an amulet of warding (around neck)
 w - a ring of positive energy (left hand)
Magical devices
 g - a wand of heal wounds (1)
 s - a wand of lightning (0)
 v - a wand of digging (0)
 y - a wand of teleportation (0)
 z - a wand of magic darts (7)
 A - a wand of magic darts (17)
Scrolls
 o - 3 scrolls of remove curse
 r - 14 scrolls of identify
 x - a scroll of amnesia
Comestibles
 a - a slice of pizza
 h - 7 bread rations
 j - 4 meat rations
 u - 18 fruits


   Skills:
 + Level 5.2 Fighting
 + Level 4.1(4.6) Short Blades
 + Level 3.2(4.4) Long Blades
   Level 2.1(4.2) Slings
 + Level 4.8(5.0) Throwing
 + Level 11.6 Dodging
 + Level 10.9 Stealth
 + Level 3.0 Evocations


You had 9 spell levels left.
You didn't know any spells.

Dungeon Overview and Level Annotations

Branches:
Dungeon (11/15)            Temple (1/1) D:5            Lair (1/8) D:11
    Orc: D:9-12

Altars:
Ashenzari
Cheibriados
Dithmenos
Elyvilon
Fedhas
Gozag
Kikubaaqudgha
Makhleb
Nemelex Xobeh
Okawaru
Qazlal
Ru
Sif Muna
Trog
Vehumet
Xom
Yredelemnul
Zin
The Shining One

Shops:
D:10 ?

Annotations:
D:11 HAWKINGL3623's ghost, powerful DsHu


Innate Abilities, Weirdness & Mutations

You are resistant to damage.
You can recharge devices by infusing magical energy.
You passively map the area around you.
You do not heal naturally.
You have a somewhat thin skeletal structure (Dex +2, Stealth).
Your mind is acute. (Int +2)
You are frail (-10% HP).


Message History

The sheep is moderately wounded.
You kill the adder!
Dithmenos accepts your kill. The river rat completely misses you.
The sheep completely misses you. The water moccasin misses you.
The crocodile misses you.
Something bites the fungus.
Throwing (i - inventory):
t - 18 silver tomahawks (quivered)
Press: ? - help, Shift-Dir - straight line, f - eight-headed hydra
Aim: an eight-headed hydra (lightly wounded, umbra)
You throw a silver tomahawk.
The silver tomahawk hits the eight-headed hydra.
The eight-headed hydra is lightly wounded.
The eight-headed hydra bites you! x2
* * * LOW HITPOINT WARNING * * *
The eight-headed hydra closely misses you.
The eight-headed hydra misses you. The eight-headed hydra bites you!
* * * LOW HITPOINT WARNING * * *
The eight-headed hydra completely misses you.
The eight-headed hydra bites you!
You die...

,, ,* , , * * ##*
..#, , ,
###*.##.... , , .
..,.....#.. ,, ,,
, .. .......P...,
, ###.
.#........,, ,
..... .....P...,
, , #......#t†..#
#.....rS@Y..#, *
, *
.r.....rD(.......
,,
PP#####.(.#####,
, .....# * ,, ,
,,, ###.## * * *
, .P * , , * ..#*
* , ... , * , * ,
,


You could see an eight-headed hydra, a water moccasin, a crocodile, a sheep and
3 river rats.

Vanquished Creatures
  Pikel (D:7)
  A hill giant (D:11)
  A troll (D:10)
  Eustachio (D:7)
  2 hippogriffs
  Duvessa (D:7)
  Menkaure (D:5)
  A porcupine (D:11)
  2 orc warriors (D:9)
  6 sky beasts
  A black bear (D:9)
  2 ice beasts
  A necrophage (D:10)
  4 centaurs
  6 giant frogs
  2 big kobolds
  A crocodile (Lair:1)
  4 scorpions
  8 wights
  15 killer bees
  3 crimson imps
  A giant frog zombie (D:7)
  2 quasits (D:7)
  An electric eel (D:9)
  3 goliath beetles (D:6)
  6 iguanas
  Crazy Yiuf (D:3)
  A centaur skeleton (D:8)
  4 orc priests
  An iron imp (D:7)
  6 worker ants
  A giant frog skeleton (D:4)
  4 hounds
  9 orc wizards
  A sheep (D:11)
  2 hound skeletons
  A mummy (D:6)
  A worker ant zombie (D:10)
  A river rat (D:7)
  11 adders
  3 gnolls (D:5)
  2 giant mites
  3 shadow imps (D:8)
  3 worms
  An ufetubus (D:7)
  2 adder skeletons (D:5)
  9 giant geckos
  3 oozes
  34 orcs
  2 bat skeletons
  A bat zombie (D:5)
  2 giant cockroaches (D:2)
  23 goblins
  18 hobgoblins
  5 jackals (D:1)
  17 kobolds
  7 quokkas
  A ball python (D:5)
  20 bats
  A giant gecko skeleton (D:5)
  A giant gecko zombie (D:6)
  A giant newt (D:2)
  A jackal skeleton (D:8)
  A kobold zombie (D:8)
  27 rats
  A fungus (D:3)
  2 plants (D:1)
312 creatures vanquished.

Vanquished Creatures (others)
  An orc warrior (D:10)
  3 slaves (D:7)
  Dowan (D:7)
  An orc wizard (D:7)
  An orc (D:7)
  2 bat skeletons (D:7)
  A quokka (D:7)
10 creatures vanquished.

Grand Total: 322 creatures vanquished

Notes
Turn   | Place    | Note
--------------------------------------------------------------
     0 | D:1      | HAWKINGL3623, the Deep Dwarf Assassin, began the quest for the Orb.
     0 | D:1      | Reached XP level 1. HP: 19/19 MP: 1/1
   312 | D:1      | Reached skill level 5 in Stealth
   351 | D:1      | Reached XP level 2. HP: 20/26 MP: 2/2
   433 | D:1      | Gained mutation: You are resistant to electric shocks. [potion of beneficial mutation]
   653 | D:1      | Reached XP level 3. HP: 29/32 MP: 3/3
  1712 | D:2      | Reached XP level 4. HP: 37/39 MP: 4/4
  2444 | D:3      | Noticed a sky beast
  2478 | D:3      | Killed a sky beast
  2478 | D:3      | Reached XP level 5. HP: 30/45 MP: 5/5
  2483 | D:3      | Gained mutation: You have difficulty communicating with the divine. [mutagenic meat]
  2484 | D:3      | Gained mutation: You are covered in fur (AC +1). [mutagenic meat]
  2532 | D:3      | Reached skill level 1 in Slings
  2537 | D:3      | Found a shadowy altar of Dithmenos.
  2571 | D:3      | Became a worshipper of Dithmenos the Shadowed
  2613 | D:3      | Reached skill level 6 in Stealth
  3197 | D:3      | Noticed Crazy Yiuf
  3215 | D:3      | Killed Crazy Yiuf
  3215 | D:3      | Reached XP level 6. HP: 24/52 MP: 6/6
  3766 | D:4      | Reached skill level 5 in Dodging
  3849 | D:4      | Gained mutation: Your muscles are strong. (Str +2) [potion of beneficial mutation]
  4429 | D:4      | Reached XP level 7. HP: 32/61 MP: 7/7
  4527 | D:5      | Entered Level 5 of the Dungeon
  4530 | D:5      | Reached skill level 7 in Stealth
  4992 | D:5      | Found a radiant altar of Vehumet.
  4992 | D:5      | Found a white marble altar of Elyvilon.
  4994 | D:5      | Found a stormy altar of Qazlal.
  5018 | D:5      | Found a sacrificial altar of Ru.
  5019 | D:5      | Found an ancient bone altar of Kikubaaqudgha.
  5062 | D:5      | Reached skill level 1 in Long Blades
  5089 | D:5      | Noticed Menkaure
  5109 | D:5      | Killed Menkaure
  5109 | D:5      | Reached XP level 8. HP: 42/72 MP: 8/8
  5125 | D:5      | Found a staircase to the Ecumenical Temple.
  5136 | Temple   | Entered the Ecumenical Temple
  6116 | D:6      | Identified a scroll of acquirement
  6445 | D:6      | Lost mutation: Your muscles are strong. (Str +2) [potion of cure mutation]
  6445 | D:6      | Lost mutation: You are covered in fur (AC +1). [potion of cure mutation]
  6445 | D:6      | Lost mutation: You have difficulty communicating with the divine. [potion of cure mutation]
  6446 | D:6      | Lost mutation: You are resistant to electric shocks. [potion of cure mutation]
  6770 | D:6      | Reached skill level 1 in Evocations
  6802 | D:7      | Noticed Eustachio
  6828 | D:7      | Reached skill level 8 in Stealth
  6886 | D:7      | Noticed Pikel
  6904 | D:7      | Killed Pikel
  6904 | D:7      | Gained mutation: You passively map the area around you. [level up]
  6904 | D:7      | Reached XP level 9. HP: 46/75 MP: 10/10
  6998 | D:7      | Killed Dowan
  7009 | D:7      | Killed Eustachio
  7087 | D:7      | Found a glowing golden altar of the Shining One.
  7088 | D:7      | Noticed an angel
  7104 | D:7      | Found a basalt altar of Yredelemnul.
  7105 | D:7      | Noticed a profane servitor
  7152 | D:7      | Noticed Duvessa
  7158 | D:7      | Killed Duvessa
  7282 | D:7      | Acquired Dithmenos' first power
  7476 | D:7      | Reached skill level 9 in Stealth
  9000 | D:8      | Reached skill level 10 in Dodging
  9189 | D:9      | Acquired Dithmenos' second power
  9333 | D:9      | Reached skill level 10 in Stealth
  9394 | D:9      | Reached XP level 10. HP: 52/83 MP: 10/10
  9474 | D:9      | Gained mutation: Your mind is acute. (Int +2) [potion of mutation]
  9474 | D:9      | Gained mutation: Your mind is very acute. (Int +4) [potion of mutation]
  9474 | D:9      | Lost mutation: Your mind is very acute. (Int +4) [potion of mutation]
  9567 | D:9      | Noticed an angel
  9568 | D:9      | Found a shimmering altar of Xom.
  9571 | D:9      | Found a glowing silver altar of Zin.
  9789 | D:9      | Reached skill level 5 in Fighting
  9939 | D:9      | Gained mutation: You are frail (-10% HP). [mutagenic meat]
  9940 | D:9      | Gained mutation: You have a somewhat thin skeletal structure (Dex +2, Stealth). [mutagenic meat]
 10004 | D:9      | Found an iron altar of Okawaru.
 10348 | D:9      | Reached skill level 11 in Dodging
 10569 | D:10     | Entered Level 10 of the Dungeon
 11393 | D:10     | Acquired Dithmenos' third power
 11701 | D:10     | Found Vaymygakh's Magic Scroll Shop.
 11726 | D:10     | Bought a scroll of teleportation for 39 gold pieces
 11726 | D:10     | Bought a scroll of teleportation for 39 gold pieces
 11726 | D:10     | Bought a scroll of brand weapon for 260 gold pieces
 11928 | D:11     | Noticed a cyclops
 11959 | D:11     | Noticed a hill giant
 11968 | D:11     | Noticed a hill giant
 12023 | D:11     | Killed a hill giant
 12051 | D:11     | Noticed HAWKINGL3623's ghost (powerful DsHu)
 12054 | D:11     | Paralysed by HAWKINGL3623's ghost for 3 turns
 12059 | D:11     | Found a staircase to the Lair.
 12070 | Lair:1   | Entered Level 1 of the Lair of Beasts
 12081 | Lair:1   | Noticed an eight-headed hydra
 12091 | Lair:1   | Slain by an eight-headed hydra

Action                   |  1- 3 |  4- 6 |  7- 9 | 10-12 || total
-------------------------+-------+-------+-------+-------++-------
Melee: Dagger            |   320 |   248 |   519 |   219 ||  1306
       Hammer            |       |    38 |       |       ||    38
       Blowgun           |       |     1 |       |       ||     1
       Long sword        |       |       |   252 |    68 ||   320
 Fire: Blowgun           |    26 |     7 |    34 |    40 ||   107
       Hunting sling     |       |    33 |     5 |       ||    38
Throw: Stone             |       |     4 |     1 |       ||     5
       Tomahawk          |       |       |    23 |    14 ||    37
 Abil: Device Recharging |       |       |     3 |     1 ||     4
Evoke: Wand              |     1 |     2 |    19 |    14 ||    36
  Use: Scroll            |     4 |     3 |    12 |    11 ||    30
       Potion            |     3 |     6 |    15 |     4 ||    28
 Stab: Sleeping          |     7 |    16 |    26 |    16 ||    65
       Distracted        |     1 |       |     1 |     2 ||     4
       Invisible         |       |     1 |       |     5 ||     6
       Fleeing           |       |       |       |     1 ||     1
  Eat: Bread ration      |     1 |       |     1 |       ||     2
       Chunk             |       |     8 |     9 |     3 ||    20
       Royal jelly       |       |     1 |       |       ||     1
       Fruit             |       |       |     5 |     9 ||    14
